 Dungeon Crawl Stone Soup version 0.31-b1-12-gca42e3d1b8 (webtiles) character file.

Game seed: 16602055805309534575

3 ChrisAssaf the Ruffian (level 1, 0/15 HPs)
             Began as a Human Shapeshifter on Jan 14, 2024.
             Slain by an adder (1 damage)
             ... on level 2 of the Dungeon.
             The game lasted 00:03:53 (249 turns).

ChrisAssaf the Ruffian (Human Shapeshifter)          Turns: 249, Time: 00:04:00

Health: 0/15       AC:  2    Str: 14    XL:     1   Next: 50%
Magic:  1/1        EV: 12    Int: 10    God:
Gold:   32         SH:  0    Dex: 12    Spells: 0/0 levels left

rFire   . .          .
                       - Unarmed
rCold   . . .        (no shield)
rNeg    . . .        a - +0 animal skin
rPois   .            (helmet currently unavailable)
rElec   .            (cloak currently unavailable)
rCorr   .            (gloves currently unavailable)
SInv    .            (boots currently unavailable)
Will    .....        (no amulet)
Stlth   +            (no ring)
HPRegen 0.22/turn    (no ring)
MPRegen 0.07/turn

%: no passive effects
@: beast-form
A: beast (slay +1), explore regen
a: Begin Untransformation


You were on level 2 of the Dungeon.
You were a hulking beast.
You visited 1 branch of the dungeon, and saw 2 of its levels.

You collected 32 gold pieces.

Inventory:

Armour
 a - a +0 animal skin (worn)
Talismans
 c - a beast talisman (active)
 d - a flux talisman
Scrolls
 e - a scroll of summoning
 f - a scroll of poison
Potions
 b - a potion of lignification
 g - a potion of heal wounds


   Skills:
 * Level 1.0 Fighting
 * Level 2.1 Dodging
 * Level 3.1 Unarmed Combat
 * Level 3.0 Shapeshifting


You couldn't memorise any spells.
You didn't know any spells.
Your spell library was empty.

Dungeon Overview and Level Annotations

Branches:
Dungeon (1/15)

Altars:


Innate Abilities, Weirdness & Mutations

You are a hulking beast.
Your limbs bulge with bestial killing power. (Slay +1)
You regain HP and MP as you explore.


Message History

There are monsters nearby!
You begin transforming.
You continue transforming. x2
The endoplasm freezes you.
You are frozen.
You continue transforming.
The adder closely misses you. The endoplasm freezes you.
You are frozen.
Your transformation has ended.
You turn into something dangerously unstable.
Your +0 animal skin melds into your body.
The adder bites you. The endoplasm closely misses you. The adder bites you.
* * * LOW HITPOINT WARNING * * *
You are lethally poisoned!
The adder poisons you!
It was a potion of heal wounds.
You feel much better.
You feel sick. The endoplasm freezes you.
You are frozen.
The adder misses you.
Okay, then.
There are monsters nearby!
You feel sick. The adder misses you. The endoplasm closely misses you.
You begin transforming.
You continue transforming.
You feel sick. The adder closely misses you. The endoplasm hits you.
The adder barely misses you.
You continue transforming.
You feel sick.
You are no longer poisoned.
The endoplasm completely misses you. The adder closely misses you.
You continue transforming.
The endoplasm freezes you.
You are frozen.
* * * LOW HITPOINT WARNING * * *
The adder closely misses you.
Your transformation has ended.
Your +0 animal skin unmelds from your body.
You turn into a hulking beast.
The adder barely misses you. The endoplasm hits you.
* * * LOW HITPOINT WARNING * * *
The adder bites you.
You die...

..........
.........
#.......#
#......#
#.....#.#
#.....#
#r...#.#
#JS.#.#..
#h..##...
#..#.....
#........
#########


You could see an adder, an endoplasm and a rat.

Vanquished Creatures
  An endoplasm (D:1)
  A hobgoblin (D:1)
  A goblin (D:1)
3 creatures vanquished.

Notes
Turn   | Place    | Note
-------+----------+-------------------------------------------
     0 | D:1      | ChrisAssaf the Human Shapeshifter began the quest for the
                  | Orb.
     0 | D:1      | Reached XP level 1. HP: 15/15 MP: 1/1
   228 | D:1      | You fall into a shaft and drop 1 floor!
   249 | D:2      | Slain by an adder

Illustrated notes

Levels and vault maps discovered:
D:1:      shiori_arrival_oz, layout_loops_corners
D:2:      layout_basic, serial_bayou_pond_a, minmay_misc_feat_secret_circle,
          hex_medium

Action                     || total
---------------------------++-------
  Melee: Unarmed           ||     8
    Use: Scroll            ||     2
         Potion            ||     1
 Armour: Animal skin       ||     4
         Skin              ||     3
  Dodge: Dodged            ||    19
   Form: Beast             ||     1
         Flux              ||     1
